 Dungeon Crawl Stone Soup version 0.21.1-1-g345015fe64 (webtiles) character file.

1801 HooM the Cleaver (level 8, -2/71 HPs)
             Began as a Minotaur Fighter on Mar 14, 2018.
             Was a Believer of Jiyva.
             Slain by Fuxmar's ghost (8 damage)
             ... on level 5 of the Dungeon.
             The game lasted 00:30:56 (4086 turns).

HooM the Cleaver (Minotaur Fighter)                 Turns: 4086, Time: 00:30:56

Health: -2/71      AC: 11    Str: 23      XL:     8   Next: 83%
Magic:  2/7        EV:  7    Int:  4 (5)  God:    Jiyva [**....]
Gold:   216        SH:  8    Dex: 10      Spells: 7/7 levels left

rFire    + . .     SeeInvis .   a - +1 war axe
rCold    x . .     Gourm    .   c - +0 shield
rNeg     . . .     Faith    .   b - +0 scale mail
rPois    .         Spirit   .   (helmet restricted)
rElec    .         Reflect  .   s - +2 cloak
rCorr    .         Harm     .   r - +1 pair of gloves
MR       .....                  (no boots)
Stlth    ..........             (no amulet)
HPRegen  0.21/turn              u - ring of fire
MPRegen  0.10/turn              (no ring)

@: very heavily drained
A: retaliatory headbutt, horns 2
a: Request Jelly, Renounce Religion


You were on level 5 of the Dungeon.
You worshipped Jiyva.
Jiyva was pleased with you.
You were not hungry.

You visited 2 branches of the dungeon, and saw 6 of its levels.
You also visited: Ossuary.

You collected 216 gold pieces.

Inventory:

Hand Weapons
 a - a +1 war axe (weapon)
Armour
 b - a +0 scale mail (worn)
 c - a +0 shield (worn)
 r - a +1 pair of gloves (worn)
 s - a +2 cloak (worn)
Jewellery
 u - a ring of fire (left hand)
Wands
 x - a wand of acid (11)
 z - a wand of digging (20)
Scrolls
 e - 3 scrolls of remove curse
 j - a scroll of amnesia
 k - a scroll of blinking {unknown}
 l - a scroll of identify {unknown}
 m - a scroll of enchant weapon
 q - 3 scrolls of teleportation {unknown}
 v - a scroll of silence {unknown}
 w - a scroll of random uselessness {unknown}
 y - a scroll of noise {unknown}
 B - a scroll of magic mapping {unknown}
Potions
 d - 2 potions of might
 g - 4 potions of curing {unknown}
 h - 2 potions of lignification {unknown}
 i - 2 potions of invisibility {unknown}
 n - a potion of magic {unknown}
 o - 2 potions of ambrosia {unknown}
 p - a potion of haste
 t - a potion of heal wounds
 A - a potion of resistance {unknown}
Comestibles
 f - 4 rations
 C - a chunk of flesh


   Skills:
 + Level 6.7(2.3) Fighting
 + Level 8.7(4.1) Axes
 + Level 6.2(1.9) Armour
 * Level 5.3(1.1) Dodging
 + Level 0.2(0.0) Stealth
 + Level 6.0(1.7) Shields


You had 7 spell levels left.
You didn't know any spells.

Dungeon Overview and Level Annotations

Branches:
Dungeon (5/15)             Temple (1/1) D:4

Altars:
Ashenzari
Cheibriados
Dithmenos
Elyvilon
Gozag
Kikubaaqudgha
Makhleb
Ru
Sif Muna
Trog
Uskayaw
Wu Jian
Xom
Zin
Jiyva

Annotations:
D:2 Natasha
D:5 Fuxmar's ghost, novice GrFi


Innate Abilities, Weirdness & Mutations

You reflexively headbutt those who attack you in melee.
You have a pair of horns on your head.


Message History

t - Shout!
Orders for allies: a - Attack new target. p - Attack previous target. r - Retreat! s - Stop attacking. g - Guard the area. f - Follow me.
Anything else - Cancel.
Gang up on whom?
Press: ? - help, Dir - move target cursor, f/p - Fuxmar's ghost
Aim: Fuxmar's ghost, wielding a weapon of draining (heavily damaged) Attack!
You hear a slurping noise.
Jiyva appreciates your sacrifice. x2
You feel a little less hungry. Jiyva appreciates your sacrifice.
An orc priest comes into view. It is wielding a short sword.
The orc priest invokes the aid of Beogh against you.
Pain shoots through your body!
* * * LOW HITPOINT WARNING * * *
There is a stone staircase leading up here.
Fuxmar's ghost hits you!
You die...

#...# ##..## # ##.###
.# #. ##)## .# #.###.##
#.. ##...)## ######...
#.....# #####...#....
####.o#####J...........
#....@W...##.......≈≈.
#..#.#########J.#.....
#...## #..##+.... #.#.
#.## #..⌠ ###. #. ...
.. .. .# .# ... .. #...
# ##


You could see an orc priest, Fuxmar's ghost and a neutral jelly (fellow slime).

Vanquished Creatures
  Pikel (D:4)
  2 wraiths (Ossuary)
  Menkaure (D:4)
  A scorpion (D:4)
  9 wights
  A howler monkey (D:4)
  A hound (D:4)
  An orc priest (D:2)
  5 orc wizards
  Natasha (twice) (D:2)
  2 worker ants
  A mummy (D:4)
  A worker ant zombie (D:5)
  A gnoll (D:3)
  7 adders
  3 oozes
  2 adder zombies
  2 adder skeletons
  A worm (D:3)
  2 dart slugs (D:3)
  5 leopard geckos
  12 orcs
  A ball python (D:3)
  6 giant cockroaches
  9 goblins
  7 hobgoblins
  3 jackals (D:1)
  8 kobolds
  4 quokkas
  A ball python skeleton (Ossuary)
  9 bats
  5 frilled lizards
  2 hobgoblin skeletons (Ossuary)
  A kobold zombie (Ossuary)
  2 orc skeletons (Ossuary)
  3 rats
124 creatures vanquished.

Vanquished Creatures (others)
  A scorpion (D:5)
  4 jellies
  An ooze (D:4)
  An adder (D:4)
  A leopard gecko (D:4)
  An orc (D:5)
  A giant cockroach (D:4)
  A butterfly (D:4)
11 creatures vanquished.

Grand Total: 135 creatures vanquished

Notes
Turn   | Place    | Note
-------+----------+-------------------------------------------
     0 | D:1      | HooM the Minotaur Fighter began the quest for the Orb.
     0 | D:1      | Reached XP level 1. HP: 19/19 MP: 0/0
   106 | D:1      | Reached XP level 2. HP: 25/27 MP: 1/1
   690 | D:1      | Reached XP level 3. HP: 33/33 MP: 2/2
   787 | D:2      | Reached skill level 1 in Dodging
   936 | D:2      | Found a shattered altar of Ashenzari.
  1004 | D:2      | Noticed Natasha
  1082 | D:2      | Reached skill level 3 in Axes
  1121 | D:2      | Reached XP level 4. HP: 38/40 MP: 3/3
  1327 | D:2      | Found a shimmering altar of Xom.
  1332 | D:2      | Reached XP level 5. HP: 47/47 MP: 4/4
  1373 | D:2      | Killed Natasha
  1384 | D:2      | Reached skill level 4 in Axes
  1421 | D:2      | Noticed Natasha
  1461 | D:2      | Killed Natasha
  1461 | D:2      | Reached skill level 5 in Fighting
  1482 | D:2      | Noticed Natasha
  1842 | D:3      | Reached XP level 6. HP: 56/56 MP: 5/5
  2315 | D:4      | Reached skill level 5 in Axes
  2316 | D:4      | Reached skill level 5 in Shields
  2349 | D:4      | Reached XP level 7. HP: 27/61 MP: 6/6
  2377 | D:4      | Found a staircase to the Ecumenical Temple.
  2388 | Temple   | Entered the Ecumenical Temple
  2416 | Temple   | Became a worshipper of Sif Muna the Loreminder
  2417 | Temple   | Fell from the grace of Sif Muna
  2494 | Temple   | Became a worshipper of Jiyva Jaykekh the Shapeless
  2613 | D:4      | Noticed Pikel
  2631 | D:4      | Killed Pikel
  2631 | D:4      | Reached skill level 7 in Axes
  2631 | D:4      | Reached skill level 5 in Armour
  2631 | D:4      | Reached XP level 8. HP: 38/70 MP: 7/7
  2684 | D:4      | Reached * piety under Jiyva
  2685 | D:4      | Found a sand-covered staircase.
  2693 | Ossuary  | Entered an ossuary
  2813 | Ossuary  | Noticed a flying skull
  2819 | Ossuary  | Noticed a flying skull
  2824 | Ossuary  | Noticed a flying skull
  2829 | Ossuary  | Noticed a flying skull
  2880 | Ossuary  | Reached skill level 8 in Axes
  3065 | D:4      | Noticed Menkaure
  3096 | D:4      | Found a sacrificial altar of Ru.
  3760 | D:4      | Killed Menkaure
  3760 | D:4      | Reached skill level 5 in Dodging
  3911 | D:5      | Entered Level 5 of the Dungeon
  3998 | D:5      | Reached ** piety under Jiyva
  4051 | D:5      | Noticed Fuxmar's ghost (novice GrFi)
  4086 | D:5      | Slain by Fuxmar's ghost

Skill      XL: |  1  2  3  4  5  6  7  8 |
---------------+-------------------------+-----
Armour         | 4 5 6 |  6.2
Fighting       | 4 5 6 |  6.7
Shields        | 4 5 6 |  6.0
Dodging        | 1 2 3 5 |  5.3
Axes           | 3 4 5 7 8 |  8.7
Stealth        | |  0.2

Action                   |  1- 3 |  4- 6 |  7- 9 || total
-------------------------+-------+-------+-------++-------
Melee: War axe           |    95 |   143 |   136 ||   374
       Headbutt          |    10 |    24 |    29 ||    63
Invok: Renounce Religion |       |       |     1 ||     1
       Request Jelly     |       |       |     3 ||     3
  Use: Scroll            |       |     3 |       ||     3
       Potion            |       |     1 |       ||     1
  Eat: Chunk             |     1 |     4 |     2 ||     7
       Ration            |       |       |     1 ||     1
Armor: Scale mail        |    40 |    55 |    34 ||   129
Dodge: Dodged            |    36 |    46 |    46 ||   128
Block: Shield            |    76 |    75 |    38 ||   189
